 Dungeon Crawl Stone Soup version 0.28-a0-1199-gef9e1dbd39 (webtiles) character file.

Game seed: 4489426375935910909

235 SensoryNuts the Slasher (level 5, -9/42 HPs)
             Began as a Demonspawn Fighter on Dec 19, 2021.
             Was an Initiate of Gozag.
             Mangled by an ogre (35 damage)
             ... on level 4 of the Dungeon.
             The game lasted 00:03:11 (3144 turns).

SensoryNuts the Slasher (Demonspawn Fighter)        Turns: 3144, Time: 00:03:11

Health: -9/42      AC:  6    Str: 19    XL:     5   Next: 76%
Magic:  5/5        EV:  9    Int:  9    God:    Gozag
Gold:   105        SH:  4    Dex: 12    Spells: 4/4 levels left

rFire   + . .      SeeInvis .   a - +0 long sword
rCold   x . .      Faith    .   c - +0 buckler
rNeg    . . .      Spirit   .   b - +0 scale mail
rPois   .          Reflect  .   (helmet restricted)
rElec   .          Harm     .   (no cloak)
rCorr   .          Rampage  .   (no gloves)
Will    .....                   (no boots)
Stlth   ..........              j - amulet of regeneration
HPRegen 0.94/turn               n - ring of fire
MPRegen 0.09/turn               (no ring)

@: mighty
A: hooves 1, horns 1, demonic touch 1
a: Renounce Religion, Potion Petition, Call Merchant, Bribe Branch


You were on level 4 of the Dungeon.
You worshipped Gozag.
Gozag was aware of your devotion.
You visited 1 branch of the dungeon, and saw 4 of its levels.

You collected 151 gold pieces.
You paid 46 gold pieces to Gozag.

Inventory:

Hand Weapons
 a - a +0 long sword (weapon)
Armour
 b - a +0 scale mail (worn)
 c - a +0 buckler (worn)
 e - a +0 cloak
Jewellery
 j - an amulet of regeneration (around neck)
 n - a ring of fire (left hand)
Scrolls
 f - a scroll of identify
 i - a scroll of magic mapping {unknown}
 m - a scroll of noise
Potions
 d - 2 potions of might
 g - a potion of curing
 h - a potion of ambrosia {unknown}
 k - a potion of magic {unknown}


   Skills:
 + Level 3.7 Fighting
 + Level 4.0 Long Blades
 + Level 3.5 Armour
 + Level 1.0 Dodging
 + Level 0.2 Stealth
 + Level 3.1 Shields


You had 4 spell levels left.
You didn't know any spells.
Your spell library contained the following spells:

 Spells                   Type           Power      Damage    Failure   Level
 Shock                    Conj/Air       0%         1d3       78%         1
 Gell's Gravitas          Tloc           0%         N/A       98%         3
 Swiftness                Air            0%         N/A       98%         3
 Teleport Other           Tloc           0%         N/A       98%         3
 Airstrike                Air            0%         N/A       100%        4
 Dispersal                Tloc           0%         N/A       100%        6


Dungeon Overview and Level Annotations

Branches:
Dungeon (4/15)
 Temple: D:4-7

Altars:
Dithmenos
Gozag
Kikubaaqudgha
Trog

Portals:
Sewer: D:4

Annotations:
D:4 3 runed translucent doors, spaghetti's ghost, weakling DgFi


Innate Abilities, Weirdness & Mutations

You have large cloven feet.
You have a pair of small horns on your head.
Your touch may inflict minor irresistible damage on your foes.


Message History

You slash the ufetubus!
You kill the ufetubus!
Your Long Blades skill increases to level 4!
Found 20 sling bullets.
You hit the bush but do no damage.
There is an opulent altar of Gozag here.
You kneel at the altar of Gozag.
Gozag welcomes you!
You pay a service fee of 46 gold.
You hear the quick rusting of a drain nearby.
Found a stone staircase leading up.
There is a stone staircase leading up here.
You hear the rapid rusting of a very distant drain.
Found a runed translucent gate.
The orc priest shouts!
The orc shouts!
The orc priest shouts!
You hear the rapid rusting of a drain nearby.
The orc shouts!
The orc shouts!
You hear a shout!
The orc shouts!
Key pressed, stopping explore.
Found an escape hatch in the ceiling.
You hear the rapid rusting of a distant drain.
Found a stone staircase leading down.
An ogre comes into view. It is wielding a +0 giant spiked club.
The ogre shouts!
An ogre is nearby!
An ogre is nearby!
An ogre is nearby!
An ogre is nearby!
You feel very mighty all of a sudden.
There is an escape hatch in the ceiling here.
You slash the ogre!
The ogre is moderately wounded.
The ogre hits you with a +0 giant spiked club!
You hit the ogre. Your kick misses the ogre.
The ogre is heavily wounded.
The ogre hits you with a +0 giant spiked club!!
Ouch! That really hurt!
You die...
Your body crumbles into a pile of gold.

.............#.............
.............#..#..........
#............##...........#
.............##......######
#...<.......###.......#
##..........# #.......#
#.........## #.......#
#.........# ##......##
#######..## #..@....# ####
#..O....# #........#
#......>.## #........#
#...#.#...# #..##..#### ...
#. $


You could see an ogre.

Vanquished Creatures
  A wyvern skeleton (D:4)
  A hound (D:4)
  An iguana (D:4)
  5 adders
  A shadow imp (D:4)
  An ufetubus (D:4)
  A worm (D:3)
  A dart slug (D:1)
  7 endoplasms
  2 giant cockroaches
  13 goblins
  5 hobgoblins
  4 jackals (D:2)
  7 kobolds
  2 quokkas (D:1)
  4 ball pythons
  5 bats
  A frilled lizard (D:1)
  7 rats
  A bush (D:4)
70 creatures vanquished.

Notes
Turn   | Place    | Note
-------+----------+-------------------------------------------
     0 | D:1      | SensoryNuts the Demonspawn Fighter began the quest for the
                  | Orb.
     0 | D:1      | Reached XP level 1. HP: 18/18 MP: 1/1
   342 | D:1      | Discovered your monstrous ancestry.
   342 | D:1      | Gained mutation: You have a pair of small horns on your
                  | head. [demonic ancestry]
   342 | D:1      | Reached XP level 2. HP: 20/24 MP: 2/2
   715 | D:1      | Reached skill level 2 in Long Blades
   790 | D:1      | Reached XP level 3. HP: 23/29 MP: 3/3
  1363 | D:2      | Found a faded altar of an unknown god.
  1517 | D:2      | You fall into a shaft and drop 1 floor!
  1592 | D:2      | Found a bloodstained altar of Trog.
  1894 | D:2      | Gained mutation: You have large cloven feet. [demonic
                  | ancestry]
  1894 | D:2      | Reached XP level 4. HP: 28/35 MP: 4/4
  2547 | D:4      | Reached skill level 3 in Long Blades
  2547 | D:4      | Gained mutation: Your touch may inflict minor irresistible
                  | damage on your foes. [demonic ancestry]
  2547 | D:4      | Reached XP level 5. HP: 25/41 MP: 5/5
  2650 | D:4      | Found a shadowy altar of Dithmenos.
  2667 | D:4      | Found a glowing drain.
  2825 | D:4      | Found an ancient bone altar of Kikubaaqudgha.
  2830 | D:4      | Reached skill level 1 in Dodging
  2939 | D:4      | Found an opulent altar of Gozag.
  2981 | D:4      | Reached skill level 4 in Long Blades
  2999 | D:4      | Became a worshipper of Gozag Ym Sagoz the Greedy
  3098 | D:4      | Found a runed translucent gate.
  3099 | D:4      | Found a runed translucent gate.
  3101 | D:4      | Found a runed translucent gate.
  3102 | D:4      | Noticed spaghetti's ghost (weakling DgFi)
  3139 | D:4      | Noticed an ogre
  3144 | D:4      | Mangled by an ogre

Illustrated notes

Levels and vault maps discovered:
D:1:      minmay_arrival_jagged, layout_basic, dk_noncrumbling_3,
          chequers_serial_rivers_room_a, corexii_hall_statues_i,
          hangedman_feature_mirror
D:2:      layout_basic, basic_altar, ebering_ecumenical_altar_petrified,
          minmay_misc_feat_pillars
D:3:      layout_rooms
D:4:      layout_cave_pods, general_overflow_altar,
          mainiacjoe_overflow_catch_the_wave, biasface_ghost_orc_armoury,
          portal_sewer_entry_c

Skill      XL: |  1  2  3  4  5 |
---------------+----------------+-----
Armour         | 3 |  3.5
Long Blades    | 2 3 4 |  4.0
Shields        | 3 |  3.1
Dodging        | 1 |  1.0
Fighting       | |  3.7
Stealth        | |  0.2

Action                   |  1- 3 |  4- 6 || total
-------------------------+-------+-------++-------
Melee: Long sword        |   126 |    97 ||   223
       Headbutt          |    14 |    26 ||    40
       Kick              |       |    31 ||    31
  Use: Scroll            |       |     5 ||     5
       Potion            |       |     2 ||     2
Armor: Scale mail        |    75 |    22 ||    97
Dodge: Dodged            |    71 |    27 ||    98
Block: Buckler           |    36 |     8 ||    44

Table legend: (Time is in decaauts)
 A = Elapsed time spent in this place.
 B = Non-inter-level travel time spent in this place.
 C = Inter-level travel time spent in this place.
 D = Time resting spent in this place.
 E = Time spent auto-exploring this place.
 F = Levels seen in this place.
 G = Mean time per level.
                   A        B        C        D        E       F      G
               +--------+--------+--------+--------+--------+-----+--------+
         Total |   3207 |   3145 |     62 |      0 |   2530 |   4 |  801.8 |
       Dungeon |   3207 |   3145 |     62 |      0 |   2530 |   4 |  801.8 |
               +--------+--------+--------+--------+--------+-----+--------+

Top non-repeatable levels by time:
     D:1: 1372 daAuts
     D:2: 802 daAuts
     D:4: 645 daAuts
     D:3: 387 daAuts
